 Dungeon Crawl Stone Soup version 0.31-a0-202-g547052bce9 (webtiles) character file.

Game seed: 7569630366944342468

47 qw the Shooter (level 3, 0/20 HPs)
             Began as a Deep Elf Hunter on June 26, 2023.
             Slain by an adder (3 damage)
             ... on level 3 of the Dungeon.
             The game lasted 00:00:27 (1416 turns).

qw the Shooter (Deep Elf Hunter)                    Turns: 1416, Time: 00:00:27

Health: 0/20       AC:  5    Str: 10    XL:     3   Next: 48%
Magic:  5/5        EV: 11    Int: 13    God:
Gold:   96         SH:  0    Dex: 18    Spells: 2/2 levels left

rFire   . . .        Y - +1 shortbow
rCold   . . .        (shield currently unavailable)
rNeg    . . .        b - +0 ring mail
rPois   .            (no helmet)
rElec   .            (no cloak)
rCorr   .            (no gloves)
SInv    .            (no boots)
Will    .....        (no amulet)
Stlth   +            (no ring)
HPRegen 0.23/turn    (no ring)
MPRegen 0.09/turn

%: no passive effects
@: lethally poisoned (0 -> -3)
A: no striking features
a: no special abilities


You were on level 3 of the Dungeon.
You visited 1 branch of the dungeon, and saw 3 of its levels.

You collected 96 gold pieces.


   Skills:
 - Level 1.5 Fighting
 + Level 7.0 Ranged Weapons
 - Level 2.4 Dodging
 - Level 1.2 Stealth


You had 2 spell levels left.
You didn't know any spells.
Your spell library was empty.

Inventory:

Hand Weapons
 Y - a +1 shortbow (weapon)
Armour
 b - a +0 ring mail (worn)
Jewellery
 g - a ring of ice
 h - a ring of ice
Scrolls
 a - a scroll of teleportation {unknown}
 e - a scroll of identify
Potions
 c - a potion of resistance {unknown}

Dungeon Overview and Level Annotations

Branches:
Dungeon (3/15)

Altars:
Yredelemnul

Annotations:
D:3 3 runed translucent doors, qw's ghost, amateur DEHu


Message History

You shoot an arrow. The arrow hits the adder.
The adder is lightly wounded.
You shoot an arrow.
The arrow hits the adder but does no damage.
The adder is lightly wounded.
You shoot an arrow.
The arrow hits the adder but does no damage.
The adder is lightly wounded.
You shoot an arrow. The arrow closely misses the adder.
The adder barely misses you. The adder bites you but does no damage.
You shoot an arrow. The arrow closely misses the adder.
The adder completely misses you.
You shoot an arrow. The arrow hits the adder.
The adder is lightly wounded.
The adder misses you. The adder bites you.
You are poisoned.
The adder poisons you!
You shoot an arrow. The arrow barely misses the adder.
You feel sick. The adder bites you but does no damage.
You shoot an arrow. The arrow barely misses the adder.
You feel sick. The adder barely misses you. The adder bites you.
You are more poisoned.
The adder poisons you!
You shoot an arrow. The arrow closely misses the adder.
You feel sick. The adder bites you.
You are lethally poisoned!
The adder poisons you! The adder bites you but does no damage.
You shoot an arrow. The arrow barely misses the adder.
You feel sick. The adder bites you but does no damage.
You shoot an arrow. The arrow misses the adder.
You feel sick. The adder closely misses you.
The adder bites you but does no damage.
You shoot an arrow. The arrow barely misses the adder.
You feel sick. The adder bites you but does no damage.
You shoot an arrow. The arrow hits the adder.
The adder is severely wounded.
You feel sick. The adder bites you but does no damage.
Qw's ghost takes aim.
The adder bites you.
You die...

####. #########....
#.........##.
#.........#..
#..).........
#.........###
#########.........###
####...................#
.%.....@8.............8#
++++...S######+++#######
+....#ooWo...o...o.#
+..###..oo#####.o..# +..
#.###.....###.## +).
#.#8#..8..#8#.## .)
#.............## ... #.
####.


You could see qw's ghost, an adder and 4 orcs.

Vanquished Creatures
  2 adders (D:2)
  A worm (D:2)
  A dart slug (D:1)
  3 ball pythons (D:2)
  An endoplasm (D:3)
  A giant cockroach (D:1)
  3 goblins
  5 hobgoblins
  3 quokkas
  A frilled lizard (D:1)
  A kobold (D:3)
  2 rats
24 creatures vanquished.

Notes
Turn   | Place    | Note
-------+----------+-------------------------------------------
     0 | D:1      | qw the Deep Elf Hunter began the quest for the Orb.
     0 | D:1      | Reached XP level 1. HP: 12/12 MP: 3/3
     0 | D:1      | 0 ||| qw: Version: 0.3-a-22-g0ed2b0b
     0 | D:1      | 0 ||| qw: Game counter: 6201
     0 | D:1      | 0 ||| qw: Melee chars always use a shield: true
     0 | D:1      | 0 ||| qw: God list: Okawaru
     0 | D:1      | 0 ||| qw: Allow faded altars: false
     0 | D:1      | 0 ||| qw: Do Orc after clearing Dungeon:15 true
     0 | D:1      | 0 ||| qw: Do second Lair branch before Depths: true
     0 | D:1      | 0 ||| qw: Lair rune preference: random
     0 | D:1      | 0 ||| qw: Goals: Normal
     0 | D:1      | 0 ||| PLANNING D:1-11
   479 | D:1      | Reached skill level 6 in Ranged Weapons
   479 | D:1      | Reached XP level 2. HP: 16/16 MP: 4/4
   658 | D:1      | 658 ||| DROPPING amulet of magic regeneration.
   659 | D:1      | 659 ||| READING scroll labelled ENOBIU DIOWNE.
   660 | D:1      | 660 ||| DRINKING 2 metallic yellow potions.
   710 | D:1      | 710 ||| DROPPING scroll of butterflies.
   711 | D:1      | 711 ||| DROPPING potion of lignification.
   783 | D:2      | HP: 2/16 [worm (4)]
   953 | D:2      | Reached XP level 3. HP: 20/20 MP: 5/5
  1212 | D:2      | 1212 ||| UPGRADING to +0 ring mail.
  1222 | D:2      | 1222 ||| DROPPING +0 leather armour.
  1223 | D:2      | 1223 ||| READING 2 scrolls labelled MAUK DIYNAJU.
  1224 | D:2      | 1224 ||| READING 3 scrolls labelled PIOMAO FIKHOANG.
  1225 | D:2      | 1225 ||| READING scroll labelled WOUNEPS HO LIE.
  1226 | D:2      | 1226 ||| READING scroll labelled HECHOI SOQUITZ.
  1227 | D:2      | 1227 ||| READING 2 scrolls of identify.
  1227 | D:2      | 1227 ||| IDENTIFYING black potion
  1228 | D:2      | 1228 ||| DROPPING scroll of noise.
  1229 | D:2      | 1229 ||| DROPPING potion of brilliance.
  1270 | D:3      | Found a basalt altar of Yredelemnul.
  1370 | D:3      | Found a runed translucent gate.
  1374 | D:3      | Found a runed translucent gate.
  1375 | D:3      | Found a runed translucent gate.
  1375 | D:3      | Identified the +7 hand axe of Plunder {elec, Int+2}
  1375 | D:3      | Identified the +5 ring mail of Noon {Regen+}
  1378 | D:3      | Noticed qw's ghost (amateur DEHu)
  1400 | D:3      | Reached skill level 7 in Ranged Weapons
  1414 | D:3      | HP: 5/20 [poisoned by an adder]
  1416 | D:3      | Slain by an adder

Levels and vault maps discovered:
D:1:      dpeg_arrival_shrine, layout_loops_ring
D:2:      layout_rooms, serial_bayou_pond_e
D:3:      layout_basic, yredelemnul_altar_generic,
          hellmonk_ecumenical_altar_heavens_door, biasface_ghost_orc_armoury,
          minmay_strange_pillars

Skill      XL: |  1  2  3 |
---------------+----------+-----
Ranged Weapons | 6 7 |  7.0
Fighting       | |  1.5
Dodging        | |  2.4
Stealth        | |  1.2

Action                     || total
---------------------------++-------
   Fire: Shortbow          ||    88
    Use: Scroll            ||     6
         Potion            ||     1
 Armour: Leather armour    ||     7
         Ring mail         ||     7
  Dodge: Dodged            ||    15

Table legend:
 A = Non-vault XP
 B = Vault XP
 C = Vault XP percentage of total XP
 D = Non-vault monster count
 E = Vault monster count
 F = Vault count percentage of total count
                 A         B        C        D         E       F
            +---------+---------+-------+---------+---------+-------
      Total |      68 |       0 |   0.0 |      24 |       0 |   0.0
            +---------+---------+-------+---------+---------+-------
        D:1 |      14 |       0 |   0.0 |       7 |       0 |   0.0
        D:2 |      45 |       0 |   0.0 |      12 |       0 |   0.0
        D:3 |       9 |       0 |   0.0 |       5 |       0 |   0.0
            +---------+---------+-------+---------+---------+-------
